 Dungeon Crawl Stone Soup version 0.26.1-2-gb8aa6d0cf2 (webtiles) character file.

Game seed: 7807507077147495887

5255 Gildeon the Severer (level 10, -1/76 (81) HPs)
             Began as a Minotaur Fighter on Mar 28, 2021.
             Was a Believer of Makhleb.
             Slain by a wight
             ... wielding a cursed +7 battleaxe
              (10 damage)
             ... on level 10 of the Dungeon on Mar 29, 2021.
             The game lasted 00:20:05 (9187 turns).

Gildeon the Severer (Minotaur Fighter)              Turns: 9187, Time: 00:20:06

HP:   -1/76 (81)    AC: 13    Str: 23    XL:     10   Next: 36%
MP:   9/9           EV:  6    Int:  5    God:    Makhleb [**....]
Gold: 539           SH: 11    Dex: 11    Spells: 9/9 levels left

rFire    . . .     SeeInvis .   a - +3 war axe
rCold    + . .     Faith    .   c - +1 kite shield
rNeg     . . .     Spirit   .   F - +0 plate armour
rPois    .         Reflect  .   (helmet restricted)
rElec    .         Harm     .   w - +0 cloak
rCorr    .         Rampage  .   (no gloves)
Will     +....                  (no boots)
Stlth    ..........             j - amulet of magic regeneration
HPRegen  0.22/turn              v - ring of willpower
MPRegen  0.36/turn              b - ring of protection from cold

@: drained
A: retaliatory headbutt, horns 2
a: Renounce Religion, Minor Destruction


You were on level 10 of the Dungeon.
You worshipped Makhleb.
Makhleb was pleased with you.
You visited 2 branches of the dungeon, and saw 11 of its levels.

You collected 539 gold pieces.

Inventory:

Hand Weapons
 a - a +3 war axe (weapon)
 l - a +0 morningstar
 G - a +1 hand axe of draining
Armour
 c - a +1 kite shield (worn)
 h - a +2 ring mail of cold resistance
 w - a +0 cloak (worn)
 x - a scarf of invisibility
 F - a +0 plate armour (worn)
 I - +0 acid dragon scales
Jewellery
 b - a ring of protection from cold (right hand)
 j - an amulet of magic regeneration (around neck)
 v - a ring of willpower (left hand)
Wands
 r - a wand of flame (21)
 s - a wand of polymorph (2)
 B - a wand of iceblast (8)
Scrolls
 f - 6 scrolls of magic mapping
 i - a scroll of noise {unknown}
 p - 2 scrolls of blinking
 q - 2 scrolls of enchant armour
 u - a scroll of teleportation
 y - 4 scrolls of remove curse
 E - a scroll of immolation {unknown}
Potions
 d - 3 potions of might
 e - a potion of heal wounds
 g - a potion of ambrosia {unknown}
 k - 9 potions of curing
 m - 4 potions of berserk rage
 n - a potion of flight {unknown}
 o - a potion of degeneration {unknown}
 t - 2 potions of brilliance
 z - a potion of experience {unknown}
 A - a potion of resistance {unknown}
 C - 2 potions of haste
 H - 2 potions of attraction


   Skills:
 - Level 5.0 Fighting
 * Level 15.2 Axes
 - Level 5.0 Armour
 - Level 5.0 Dodging
 + Level 5.1 Shields
 + Level 2.5 Evocations


You had 9 spell levels left.
You didn't know any spells.
Your spell library contained the following spells:

 Spells                   Type           Power        Failure   Level
 Beastly Appendage        Tmut           0%           100%        1
 Corona                   Hex            0%           100%        1
 Magic Dart               Conj           0%           100%        1
 Blink                    Tloc           N/A          100%        2
 Call Imp                 Summ           0%           100%        2
 Slow                     Hex            0%           100%        2
 Wereblood                Tmut           0%           100%        2
 Conjure Flame            Conj/Fire      0%           100%        3
 Inner Flame              Hex/Fire       0%           100%        3
 Mephitic Cloud           Conj/Pois/Air  0%           100%        3
 Portal Projectile        Hex/Tloc       0%           100%        3
 Spider Form              Tmut/Pois      0%           100%        3
 Cause Fear               Hex            0%           100%        4
 Ice Form                 Ice/Tmut       0%           100%        4
 Leda's Liquefaction      Hex/Erth       0%           100%        4
 Blade Hands              Tmut           0%           100%        5


Dungeon Overview and Level Annotations

Branches:
Dungeon (10/15)            Temple (1/1) D:4
   Lair: D:8-11         Orc: D:9-12

Altars:
Ashenzari
Cheibriados
Dithmenos
Elyvilon
Fedhas
Gozag
Hepliaklqana
Kikubaaqudgha
Makhleb
Nemelex Xobeh
Okawaru
Qazlal
Ru
Sif Muna
Trog
Uskayaw
Vehumet
Wu Jian
Xom
Yredelemnul
Zin
The Shining One

Shops:
D:6 *

Annotations:
D:10 Joseph


Innate Abilities, Weirdness & Mutations

You reflexively headbutt those who attack you in melee.
You have a pair of horns on your head.


Message History

The sling bullet burns you!
Found a ring mail.
An orc warrior comes into view. It is wielding a +0 long sword.
You block the wight's attack.
Joseph shoots a sling bullet.
The sling bullet hits you! The sling bullet burns you.
You see here a sling bullet.
You closely miss the wight.
The orc warrior shouts!
Your headbutt misses the wight.
You hear a shout!
The wight hits you with a cursed +7 battleaxe.
Joseph shoots a sling bullet.
You block the sling bullet.
You hit the wight but do no damage. You barely miss the wight.
Joseph shoots a sling bullet.
The sling bullet hits you!
* * * LOW HITPOINT WARNING * * *
The sling bullet burns you.
* * * LOW HITPOINT WARNING * * *
The wight hits you with a cursed +7 battleaxe!
You die...

#.?........(.. .#
.....#..........#
....)......##...###
.....@......#.....##
...........o.......[
##(.............
..#...(...........
...................
.......##.z@........
.#....##..?<........
#............(.....
#...............##.
..................
..........#........
.......##...}....
..#...# #........
...## #..#...


You could see Joseph, an orc warrior and a wight.

Vanquished Creatures
  Harold (D:9)
  A wizard (D:9)
  4 large abominations (D:9)
  A water moccasin (D:6)
  Duvessa (D:7)
  An acid dragon (D:9)
  6 small abominations (D:9)
  An orc warrior (D:6)
  An ice beast (D:8)
  2 ogres
  2 centaurs
  Blork the orc (D:5)
  4 bullfrogs
  Dowan (D:7)
  A scorpion (D:6)
  4 killer bees (D:9)
  6 wights
  3 howler monkeys
  3 bullfrog zombies
  6 orc priests
  2 hounds
  2 jellies
  Crazy Yiuf (D:5)
  A bullfrog skeleton (D:10)
  11 orc wizards
  An iguana (D:8)
  9 worker ants
  2 hound skeletons
  7 gnolls (D:3)
  11 adders
  An ufetubus (D:8)
  An ooze (D:3)
  4 worms
  A dart slug (D:1)
  5 leopard geckos
  28 orcs
  3 ball pythons
  7 giant cockroaches
  A goblin (D:1)
  4 hobgoblins
  6 kobolds
  A quokka (D:9)
  4 bats
  11 frilled lizards
  2 leopard gecko skeletons
  3 rats (D:2)
179 creatures vanquished.

Vanquished Creatures (others)
  2 fungi (D:5)
2 creatures vanquished.

Grand Total: 181 creatures vanquished

Notes
Turn   | Place    | Note
-------+----------+-------------------------------------------
     0 | D:1      | Gildeon the Minotaur Fighter began the quest for the Orb.
     0 | D:1      | Reached XP level 1. HP: 19/19 MP: 0/0
   222 | D:1      | Reached skill level 3 in Axes
   328 | D:1      | Reached XP level 2. HP: 26/26 MP: 1/1
   845 | D:2      | Reached skill level 4 in Axes
  1455 | D:3      | Reached XP level 3. HP: 27/31 MP: 2/2
  1463 | D:3      | Reached skill level 5 in Axes
  1465 | D:3      | Reached XP level 4. HP: 25/39 MP: 3/3
  1598 | D:3      | Reached skill level 6 in Axes
  1816 | D:3      | Reached XP level 5. HP: 35/45 MP: 4/4
  1828 | D:3      | Reached skill level 7 in Axes
  2136 | D:3      | Reached XP level 6. HP: 51/51 MP: 5/5
  2630 | D:4      | Reached skill level 8 in Axes
  2635 | D:4      | Found a staircase to the Ecumenical Temple.
  2740 | Temple   | Entered the Ecumenical Temple
  2814 | Temple   | Became a worshipper of Makhleb the Destroyer
  3433 | D:5      | Entered Level 5 of the Dungeon
  3527 | D:5      | Noticed Blork the orc
  3538 | D:5      | Killed Blork the orc
  3539 | D:5      | Reached XP level 7. HP: 47/60 MP: 6/6
  3630 | D:5      | Reached skill level 9 in Axes
  3925 | D:5      | Reached skill level 5 in Fighting
  4407 | D:5      | Found a runed translucent door.
  4408 | D:5      | Noticed Crazy Yiuf
  4413 | D:5      | Killed Crazy Yiuf
  4485 | D:6      | Reached * piety under Makhleb
  4558 | D:6      | Reached skill level 10 in Axes
  4634 | D:6      | Found Rashrug's General Store.
  4822 | D:6      | Reached XP level 8. HP: 45/68 MP: 7/7
  5019 | D:6      | Reached skill level 11 in Axes
  5022 | D:6      | Reached skill level 5 in Armour
  5554 | D:7      | Reached skill level 1 in Dodging
  5618 | D:7      | Found a glowing silver altar of Zin.
  5878 | D:7      | Noticed Duvessa
  5879 | D:7      | Noticed Dowan
  5885 | D:7      | Killed Duvessa
  5887 | D:7      | Killed Dowan
  5913 | D:7      | Reached skill level 12 in Axes
  6572 | D:8      | Reached XP level 9. HP: 74/74 MP: 8/8
  6916 | D:8      | Reached ** piety under Makhleb
  7119 | D:9      | Noticed Harold
  7143 | D:9      | Killed Harold
  7144 | D:9      | Reached skill level 13 in Axes
  7144 | D:9      | Reached skill level 5 in Dodging
  7365 | D:9      | Noticed a wizard
  7381 | D:9      | Killed a wizard
  7382 | D:9      | Reached skill level 14 in Axes
  7697 | D:9      | Reached XP level 10. HP: 55/81 MP: 9/9
  7828 | D:9      | Reached skill level 1 in Evocations
  8065 | D:9      | Noticed a large abomination
  8436 | D:9      | Reached skill level 15 in Axes
  8731 | D:9      | Reached skill level 5 in Shields
  8758 | D:10     | Entered Level 10 of the Dungeon
  9035 | D:10     | Noticed Joseph
  9187 | D:10     | Slain by a wight

Illustrated notes

Levels and vault maps discovered:
D:1:      minmay_arrival_wavy_path, layout_loops_ring,
          chequers_serial_rivers_marsh, minmay_misc_feat_hallway,
          minmay_misc_feat_columns
D:2:      layout_loops_ring, chequers_serial_rivers_micro_b, item_on_display_a
D:3:      kennysheep_six_static_rooms, layout_basic, gup_sewer_entry_glass
D:4:      layout_loops_ring, temple_pool_b, grunt_decor_arrowhead
D:5:      layout_loops_ring, uniq_crazy_yiuf_cottage, uniq_blork_the_orc
D:6:      layout_loops_ring, serial_shops, shop
D:7:      layout_basic, overflow_temple_1_default, uniq_duvessa
D:8:      layout_gridville, minmay_misc_feat_room
D:9:      layout_roguey, orc_0_dummy, ebering_ghost_rock_garden, laboratory,
          uniq_harold
D:10:     layout_cave_pools, tso_altar, uniq_joseph
Temple:   kilobyte_greek_temple

Skill      XL: |  1  2  3  4  5  6  7  8  9 10 |
---------------+-------------------------------+-----
Axes           | 3 4 5 6 7 8 10 12 14 15 | 15.2
Fighting       | 4 5 |  5.0
Armour         | 4 5 |  5.0
Dodging        | 3 5 |  5.0
Shields        | 4 5 |  5.1
Evocations     | 2 |  2.5

Action                   |  1- 3 |  4- 6 |  7- 9 | 10-12 || total
-------------------------+-------+-------+-------+-------++-------
Melee: War axe           |    68 |   115 |   254 |   100 ||   537
       Headbutt          |     9 |    18 |    54 |    21 ||   102
  Use: Scroll            |       |     7 |     4 |     7 ||    18
Armor: Scale mail        |    26 |    28 |     3 |       ||    57
       Chain mail        |       |       |    68 |       ||    68
       Plate armour      |       |       |     7 |    19 ||    26
Dodge: Dodged            |    19 |    27 |    38 |    11 ||    95
Block: Kite shield       |    35 |    81 |   100 |    38 ||   254
